 Dungeon Crawl Stone Soup version 0.27-a0-1191-g601b473118 (webtiles) character file.

Game seed: 13336129304565706027

16 shoop the Sneak (level 2, 0/24 HPs)
             Began as a Demonspawn Delver on May 23, 2021.
             Slain by a white imp (1 damage)
             ... on level 5 of the Dungeon.
             The game lasted 00:02:24 (345 turns).

shoop the Sneak (Demonspawn Delver)                  Turns: 345, Time: 00:02:25

Health: 0/24       AC:  4    Str: 12    XL:     2   Next: 37%
Magic:  2/2        EV: 11    Int: 11    God:
Gold:   46         SH:  0    Dex: 14    Spells: 1/1 levels left

rFire    . . .     SeeInvis .   a - +0 falchion
rCold    . . .     Faith    .   (no shield)
rNeg     . . .     Spirit   .   b - +0 leather armour
rPois    .         Reflect  .   (no helmet)
rElec    .         Harm     .   (no cloak)
rCorr    .         Rampage  .   h - +0 pair of gloves
Will     .....     Clarity  +   (no boots)
Stlth    +++.......             (no amulet)
HPRegen  0.08/turn              (no ring)
MPRegen  0.08/turn              (no ring)

@: hasted, very quick
A: foul stench 1, clarity
a: no special abilities


You were on level 5 of the Dungeon.
You visited 1 branch of the dungeon, and saw 2 of its levels.

You collected 46 gold pieces.

Inventory:

Hand Weapons
 a - a +0 falchion (weapon)
Armour
 b - a +0 leather armour (worn)
 h - a +0 pair of gloves (worn)
Wands
 g - a wand of digging (3)
Scrolls
 c - a scroll of fog
 d - a scroll of magic mapping
 e - a scroll of fear


   Skills:
 + Level 3.3 Fighting
 + Level 2.0 Long Blades
 + Level 1.8 Dodging
 + Level 4.7 Stealth


You had one spell level left.
You didn't know any spells.
Your spell library was empty.

Dungeon Overview and Level Annotations

Branches:
Dungeon (5/15)
 Temple: D:4-7

Altars:
Zin

Shops:
D:4 *

Annotations:
D:4 Duvessa, Eustachio


Innate Abilities, Weirdness & Mutations

You may rarely emit foul miasma when damaged in melee.
You possess an exceptional clarity of mind.


Message History

You barely miss the white imp.
The white imp is heavily wounded.
The white imp summons a swarm of flies.
The white imp hits you but does no damage.
You hit the white imp but do no damage.
The white imp is heavily wounded.
The white imp gestures at you. The puff of frost hits you!
The white imp closely misses you.
Okay, then.
You feel yourself speed up. The white imp gestures at you.
The puff of frost misses you.
You hit the white imp but do no damage.
The white imp is heavily wounded.
The white imp hits you. The white imp freezes you.
You emit a cloud of foul miasma!
You barely miss the white imp.
The white imp is heavily wounded.
You hit the white imp but do no damage.
The white imp is heavily wounded.
The white imp hits you. The white imp freezes you.
* * * LOW HITPOINT WARNING * * *
You hit the white imp but do no damage.
The white imp is heavily wounded.
The white imp hits you but does no damage.
You barely miss the white imp.
The white imp is heavily wounded.
The white imp closely misses you.
You hit the white imp.
The white imp is severely wounded.
You closely miss the white imp.
The white imp is severely wounded.
The white imp gestures at you. The puff of frost hits you!
* * * LOW HITPOINT WARNING * * *
Unknown command.
You closely miss the white imp.
The white imp is severely wounded.
The white imp hits you.
You die...

..#.## ## #.... ... #...#
.... #.#########)..# .[...
#......@5h#...#
......###########.#...#
............5.........###.###
..!...###########5#..>......#
..... #.#.#####.#.# ....
#.#.# #.# ..5 #.#.# #.# ##
#.#.# #.# #.#.#####.#


You could see a black bear and a white imp.

Vanquished Creatures
  An adder (D:4)
  An orc (D:4)
  2 hobgoblins (D:4)
  A quokka (D:4)
5 creatures vanquished.

Notes
Turn   | Place    | Note
-------+----------+-------------------------------------------
     0 | D:5      | shoop the Demonspawn Delver began the quest for the Orb.
     0 | D:5      | Reached XP level 1. HP: 18/18 MP: 1/1
    50 | D:4      | Gained mutation: You may rarely emit foul miasma when
                  | damaged in melee. [demonic ancestry]
    50 | D:4      | Reached XP level 2. HP: 13/24 MP: 2/2
    83 | D:4      | Noticed an angel
   102 | D:4      | Noticed Duvessa
   108 | D:4      | Found Lasagoop's General Store.
   194 | D:4      | Noticed Eustachio
   201 | D:4      | Gained mutation: You possess an exceptional clarity of
                  | mind. [potion of mutation]
   293 | D:5      | Noticed a black bear
   344 | D:5      | HP: 1/24 [white imp/puff of frost (7)]
   345 | D:5      | Slain by a white imp

Illustrated notes

Levels and vault maps discovered:
D:4:      layout_cave_pools, zin_angel, enter_ossuary_5, serial_shops, shop,
          uniq_eustachio, uniq_duvessa
D:5:      layout_basic, nemelex_diamond_rough_becter

Skill      XL: |  1  2 |
---------------+-------+-----
Long Blades    | 2 |  2.0
Fighting       | |  3.3
Dodging        | |  1.8
Stealth        | |  4.7

Action                   || total
-------------------------++-------
Melee: Falchion          ||    33
  Use: Potion            ||     3
 Stab: Sleeping          ||     1
Armor: Leather armour    ||    18
Dodge: Dodged            ||    30
       Rpst.: Falchion   ||     8

Table legend: (Time is in decaauts)
 A = Elapsed time spent in this place.
 B = Non-inter-level travel time spent in this place.
 C = Inter-level travel time spent in this place.
 D = Time resting spent in this place.
 E = Time spent auto-exploring this place.
 F = Levels seen in this place.
 G = Mean time per level.
                   A        B        C        D        E       F      G
               +--------+--------+--------+--------+--------+-----+--------+
         Total |    349 |    349 |      0 |      7 |     75 |   2 |  174.5 |
       Dungeon |    349 |    349 |      0 |      7 |     75 |   2 |  174.5 |
               +--------+--------+--------+--------+--------+-----+--------+

Top non-repeatable levels by time:
     D:4: 200 daAuts
     D:5: 148 daAuts
